 Dungeon Crawl Stone Soup version 0.18.1-6-gd335043 (webtiles) character file.

57 GreamJoe the Skirmisher (level 4, -1/28 HPs)
             Began as a Tengu Berserker on May 17, 2016.
             Was a Follower of Ashenzari.
             Slain by a sky beast (5 damage)
             ... on level 3 of the Dungeon.
             The game lasted 00:09:39 (1906 turns).

GreamJoe the Skirmisher (Tengu Berserker)           Turns: 1906, Time: 00:09:39

Health: -1/28      AC:  6    Str: 18    XL:     4   Next: 0%
Magic:  5/5        EV: 11    Int:  7    God:    Ashenzari [*.....]
Gold:   102        SH:  0    Dex: 14    Spells: 0 memorised, 3 levels left

rFire  . . .     SeeInvis .     s - +2 mace (holy)
rCold  . . .     Gourm    .     t - +0 scale mail
rNeg   . . .     Faith    .     (no shield)
rPois  +         Spirit   .     l - +0 hat
rElec  .         Dismiss  .     (no cloak)
rCorr  .         Reflect  .     (no gloves)
SustAt .         Harm     .     (boots unavailable)
MR     .....                    (no amulet)
Stlth  ..........               m - ring of poison resistance
                                r - ring of flight

@: not resistant to hostile enchantments, extremely unstealthy
A: beak, talons 3
a: Curse Item, Scrying, Renounce Religion, Evoke Flight


You were on level 3 of the Dungeon.
You worshipped Ashenzari.
Ashenzari was aware of your devotion.
You were full.

You visited 1 branch of the dungeon, and saw 3 of its levels.

You collected 102 gold pieces.

Inventory:

Hand Weapons
 a - a +0 short sword
 d - a +0 hand axe
 e - a +0 dagger
 g - a +0 mace of protection
 s - a +2 mace of holy wrath (weapon)
Missiles
 h - 78 arrows
 p - 5 tomahawks (quivered)
Armour
 b - a +0 animal skin
 l - a +0 hat (worn)
 n - a +0 leather armour
 t - a +0 scale mail (worn)
 v - a +0 ring mail
Jewellery
 f - an uncursed ring of fire
 m - a ring of poison resistance (right hand)
 r - a ring of flight (left hand)
Scrolls
 q - 2 scrolls of fog {unknown}
 u - 2 scrolls of identify {unknown}
 w - a scroll of teleportation {unknown}
Potions
 k - a potion of mutation {unknown}
 o - a potion of heal wounds {unknown}
Comestibles
 i - 3 fruits
 j - a slice of pizza


   Skills:
 + Level 3.5 Fighting
 - Level 3.4 Short Blades
 * Level 1.5 Maces & Flails
 + Level 2.3 Armour
 + Level 3.2 Dodging


You had 3 spell levels left.
You didn't know any spells.

Dungeon Overview and Level Annotations

Branches:
Dungeon (3/15)

Altars:
Ashenzari


Innate Abilities, Weirdness & Mutations

You have a beak for a mouth.
You have claws for feet.


Message History

You peck the sky beast.
The sky beast is lightly wounded.
The sky beast hits you. The sky beast shocks you.
* * * LOW HITPOINT WARNING * * *
Unknown command.
The sky beast closely misses you.
Drink which item? (? for menu, Esc to quit)
Okay, then.
Okay, then.
The sky beast flickers out of sight!
Deactivating autopickup; reactivate with Ctrl-A.
Found an uncursed short sword.
A giant cockroach comes into view.
Found an uncursed scale mail.
Eat which item? (? for menu, Esc to quit)
You continue eating.
Something hits you.
* * * LOW HITPOINT WARNING * * *
Something shocks you.
You die...

..##.. #.##.# [..
......####.##.# ...
........##.##.## #...
..# #.........# .....
..#.#..##.##..#
....#####)#.#..##.#...#
#......>..#..##.#.#..
.###.......###..##.#....
......s@{g............>#
..###.###.##.#..#####...
....##.##.#.......... ##
#.........#####....
#.#####(### #.... # #..#
#.# #.... #.##..## #.#
#.... #......###.##
##... #<#.#....# ####


You could see a giant cockroach and a hobgoblin.

Vanquished Creatures
  2 adders
  An ooze (D:2)
  A worm (D:2)
  2 dart slugs (D:1)
  A giant cockroach (D:2)
  A goblin (D:1)
  4 hobgoblins
  6 kobolds
  A quokka (D:3)
  4 bats
  3 giant newts
  6 rats
32 creatures vanquished.

Notes
Turn   | Place    | Note
--------------------------------------------------------------
     0 | D:1      | GreamJoe the Tengu Berserker began the quest for the Orb.
     0 | D:1      | Reached XP level 1. HP: 14/14 MP: 2/2
    75 | D:1      | Reached XP level 2. HP: 19/19 MP: 3/3
   935 | D:2      | Found a faded altar to an unknown god.
   954 | D:2      | Reached XP level 3. HP: 5/23 MP: 4/4
   978 | D:2      | Fell from the grace of Trog
   978 | D:2      | Became a worshipper of Ashenzari the Shackled
   978 | D:2      | Reached * piety under Ashenzari
  1052 | D:2      | Reached skill level 1 in Maces & Flails
  1217 | D:2      | Paralysed by Trog for 6 turns
  1866 | D:3      | Reached XP level 4. HP: 25/28 MP: 5/5
  1879 | D:3      | Noticed a sky beast
  1906 | D:3      | Slain by a sky beast

Skill      XL: |  1  2  3 |
---------------+----------+-----
Maces & Flails | 1 |  1.5
Dodging        | 3 |  3.2
Fighting       | |  3.5
Short Blades   | |  3.4
Armour         | |  2.3

Action                   |  1- 3 |  4- 6 || total
-------------------------+-------+-------++-------
Melee: Kick              |    25 |     1 ||    26
       Short sword       |     6 |       ||     6
       Dagger            |     6 |       ||     6
       Peck              |    10 |     1 ||    11
       Mace              |    73 |     4 ||    77
Invok: Berserk           |     1 |       ||     1
  Use: Scroll            |     1 |       ||     1
  Eat: Bread ration      |     1 |     1 ||     2
       Fruit             |     1 |       ||     1
Armor: Animal skin       |    38 |       ||    38
       Leather armour    |     7 |       ||     7
       Scale mail        |     5 |     2 ||     7
Dodge: Dodged            |    93 |     3 ||    96
